 Dungeon Crawl Stone Soup version 0.30-a0-385-gfebfb9b408 (webtiles) character file.

Game seed: 13414141952338938894

23436 PyroL the Black Sun (level 12, -7/97 HPs)
             Began as a Demonspawn Necromancer on Dec 2, 2022.
             Was a High Priest of Kikubaaqudgha.
             Mangled by a death yak simulacrum (26 damage)
             ... in an ice cave on Dec 3, 2022.
             The game lasted 00:42:53 (14398 turns).

PyroL the Black Sun (Demonspawn Necromancer)       Turns: 14398, Time: 00:42:54

Health: -7/97      AC: 22    Str:  9    XL:     12   Next: 71%
Magic:  3/24       EV: 21    Int: 28    God:    Kikubaaqudgha [*****.]
Gold:   1032       SH:  0    Dex: 14    Spells: 5/27 levels left

rFire   . . .      SeeInvis .    D - +7 staff of the Meek {protect, meekguard}
rCold   . . .      Faith    .    (shield currently unavailable)
rNeg    . . .      Spirit   .    a - +0 robe
rPois   .          Reflect  .    (helmet restricted)
rElec   .          Harm     .    w - +1 cloak
rCorr   .          Rampage  .    v - +2 pair of gloves
Will    +....                    y - +2 pair of boots "Saikoqil" {Contam Int+7}
Stlth   ++........               n - amulet of regeneration
HPRegen 1.16/turn                s - ring of willpower
MPRegen 0.38/turn                f - +4 ring of evasion

@: sanguine armoured, animating dead
A: antennae 1, demonic guardian 1, magic regeneration, sanguine armour 3
a: Renounce Religion, Unearth Wretches, Torment


You were in an ice cave.
You worshipped Kikubaaqudgha.
Kikubaaqudgha was extremely pleased with you.
You visited 3 branches of the dungeon, and saw 17 of its levels.
You also visited: Ossuary and Ice Cave.

You collected 1032 gold pieces.

Inventory:

Hand Weapons
 c - a +0 sling
 r - a +5 whip of venom
 B - the +7 long sword of Yxomos {vorpal, rF++}
   (You found it on level 6 of the Dungeon)

   It inflicts extra damage upon your enemies.
   rF:        It greatly protects you from fire.
 D - the +7 staff of the Meek (weapon) {protect, meekguard}
   (You found it on level 6 of the Dungeon)

   It grants its wielder temporary protection when it strikes (+7 to AC).
   It provides extra protection to wielders with little health.
Missiles
 L - 3 throwing nets
 T - 3 silver javelins
 Y - 6 javelins
Armour
 a - a +0 robe (worn)
 v - a +2 pair of gloves (worn)
 w - a +1 cloak (worn)
 y - the +2 pair of boots "Saikoqil" (worn) {Contam Int+7}
   (You found it on level 6 of the Dungeon)

   Int:       It affects your intelligence (+7).
   Contam:    It causes magical contamination when unequipped.
Jewellery
 f - a +4 ring of evasion (right hand)
 i - a ring of see invisible
 k - an amulet of faith
 m - a ring of resist corrosion
 n - an amulet of regeneration (around neck)
 s - a ring of willpower (left hand)
 V - a +4 ring of slaying
 X - a ring of magical power
Wands
 g - a wand of flame (19)
 h - a wand of roots (11)
 z - a wand of digging (10)
 E - a wand of mindburst (15)
 W - a wand of charming (11)
Scrolls
 l - 4 scrolls of brand weapon
 o - 9 scrolls of teleportation
 t - 3 scrolls of immolation
 x - 5 scrolls of poison
 A - 2 scrolls of butterflies
 F - 2 scrolls of fear
 H - 3 scrolls of enchant armour
 I - a scroll of silence
 J - 3 scrolls of blinking
 K - 5 scrolls of magic mapping
 N - a scroll of vulnerability {unknown}
 Q - 5 scrolls of amnesia
 S - a scroll of enchant weapon {unknown}
Potions
 b - a potion of magic
 d - 4 potions of lignification
 e - 3 potions of mutation
 j - 6 potions of heal wounds
 p - 5 potions of attraction
 q - 5 potions of haste
 u - 2 potions of resistance
 C - 7 potions of curing
 G - 4 potions of brilliance
 M - 2 potions of berserk rage
 O - 2 potions of flight
 U - a potion of ambrosia {unknown}
Miscellaneous
 R - a phial of floods


   Skills:
 - Level 10.2 Fighting
 + Level 10.4 Dodging
 - Level 1.7 Stealth
 * Level 8.3 Spellcasting
 + Level 12.9 Necromancy
 - Level 6.0 Ice Magic


You had 5 spell levels left.
You knew the following spells:

 Your Spells              Type           Power      Damage    Failure   Level
a - Necrotise             Necr           100%       1d9       1%          1
b - Vampiric Draining     Necr           71%        2d11      1%          3
c - Animate Dead          Necr           71%        N/A       1%          4
d - Kiss of Death         Conj/Necr      100%       2d13      1%          1
e - Anguish               Hex/Necr       23%        N/A       3%          4
f - Dispel Undead         Necr           71%        3d24      1%          4
g - Borgnjor's Vile Clut  Necr/Erth      23%        N/A       10%         5

Your spell library contained the following spells:

 Spells                   Type           Power      Damage    Failure   Level
 Freeze                   Ice            100%       1d10      1%          1
 Cigotuvi's Dreadful Rot  Necr/Pois/Air  70%        N/A       1%          2
 Ensorcelled Hibernation  Hex/Ice        56%        N/A       1%          2
 Sublimation of Blood     Necr           71%        N/A       1%          2
 Agony                    Necr           71%        N/A       1%          5
 Magic Dart               Conj           44%        1d5       4%          1
 Shock                    Conj/Air       44%        1d5       4%          1
 Summon Small Mammal      Summ           44%        N/A       4%          1
 Call Imp                 Summ           11%        N/A       7%          2
 Passwall                 Tmut/Erth      9%         N/A       7%          2
 Mephitic Cloud           Conj/Pois/Air  11%        N/A       14%         3
 Swiftness                Air            11%        N/A       14%         3
 Simulacrum               Ice/Necr       29%        N/A       16%         6


Dungeon Overview and Level Annotations

Branches:
Dungeon (12/15)            Temple (1/1) D:5            Lair (4/5) D:8
 Shoals (0/4) Lair:2        Snake (0/4) Lair:2          Orc (0/2) D:12
Ossuary (visited)           IceCv (1/1)
  Slime: Lair:4-5

Altars:
Ashenzari
Cheibriados
Dithmenos
Fedhas
Gozag
Hepliaklqana
Kikubaaqudgha
Makhleb
Nemelex Xobeh
Okawaru
Qazlal
Ru
Sif Muna
Trog
Uskayaw
Vehumet
Wu Jian
Xom
Yredelemnul

Shops:
D:8 (   D:10 :

Annotations:
D:12 exclusion: ugly thing
Lair:1 2 transporters


Innate Abilities, Weirdness & Mutations

You have a pair of small antennae on your head.
A weak demonic guardian rushes to your aid.
You regenerate magic rapidly.
When seriously injured, your blood forms very thick armour. (AC +12)


Message History

Casting: Dispel Undead (safe; 1% risk of failure)
Confirm with . or Enter, or press ? or * to list all spells.
Aiming: Dispel Undead (safe; 1% risk of failure)
Press: ? - help, Shift-Dir - straight line, f - death yak simulacrum
Aim: a death yak simulacrum (100% to hit)
The death yak simulacrum is dispelled!!
The death yak simulacrum completely misses you.
Okay, then.
Casting: Dispel Undead (safe; 1% risk of failure)
Confirm with . or Enter, or press ? or * to list all spells.
Aiming: Dispel Undead (safe; 1% risk of failure)
Press: ? - help, Shift-Dir - straight line, f/p - death yak simulacrum
Aim: a death yak simulacrum (almost destroyed, 100% to hit)
The death yak simulacrum is dispelled!!!
The death yak simulacrum vaporises!
Kikubaaqudgha accepts your kill.
The two-headed ogre simulacrum closely misses you.
The two-headed ogre simulacrum hits you.
* * * LOW HITPOINT WARNING * * *
The two-headed ogre simulacrum freezes you!!
* * * LOW HITPOINT WARNING * * *
The elephant simulacrum closely misses you.
The elephant simulacrum misses you.
Casting: Dispel Undead (safe; 1% risk of failure)
Confirm with . or Enter, or press ? or * to list all spells.
Okay, then.
Casting: Dispel Undead (safe; 1% risk of failure)
Confirm with . or Enter, or press ? or * to list all spells.
Aiming: Dispel Undead (safe; 1% risk of failure)
Press: ? - help, Shift-Dir - straight line, f - two-headed ogre simulacrum
Aim: a two-headed ogre simulacrum (freezing vapour, 100% to hit)
The two-headed ogre simulacrum is dispelled!!!
The two-headed ogre simulacrum vaporises!
Kikubaaqudgha accepts your kill.
The elephant simulacrum tramples you but does no damage.
The elephant simulacrum misses you. The death yak simulacrum gores you.
* * * LOW HITPOINT WARNING * * *
A demonic guardian appears!
The death yak simulacrum freezes you!!
You die...
Kikubaaqudgha rasps: "You have failed me!
Welcome... death!"

#.......#
#...∩...#
##.....##
##...##
##...#
#...##
#5..##
##..Z##
##@○.#
##Z.#
#{.##
#Z.##


#ZZ ..Z .... ..... ...... You could see a death yak simulacrum (ally target), an
elephant simulacrum and a friendly ufetubus (summoned).

Vanquished Creatures
  2 two-headed ogres (D:11)
  A black mamba (Lair:2)
  Maurice (D:9)
  3 elephants
  3 cane toads (Lair:3)
  An unseen horror (D:10)
  4 komodo dragons
  A polar bear (Lair:2)
  Prince Ribbit (D:7)
  3 dream sheep (Lair:3)
  7 wyverns
  11 yaks
  A wraith (D:12)
  A vampire (D:11)
  2 death yak simulacra (IceCv)
  3 vampire mosquitoes (D:11)
  A basilisk (Lair:1)
  2 acid dragons
  7 water moccasins
  5 black bears
  2 orc warriors
  6 ogres
  11 wolves
  9 centaurs
  10 bullfrogs
  4 kobold brigands
  3 two-headed ogre simulacra (IceCv)
  A gnoll sergeant (D:7)
  A necrophage (D:6)
  4 scorpions
  3 cane toad simulacra (IceCv)
  4 wights
  An elephant simulacrum (IceCv)
  A killer bee (D:8)
  A vampire bat (D:4)
  A howler monkey (D:7)
  A lava snake (D:7)
  7 orc priests
  2 jellies
  Crazy Yiuf (D:3)
  5 hounds
  A gnoll bouda (D:7)
  4 iguanas
  5 orc wizards
  A troll simulacrum (IceCv)
  A mummy (Ossuary)
  10 gnolls
  9 adders
  A shadow imp (D:7)
  3 white imps
  An ufetubus (D:5)
  2 worms (D:4)
  2 dart slugs (D:2)
  2 fire bats (D:4)
  19 orcs
  5 spectral bats
  4 bat simulacra (Ossuary)
  3 bat skeletons (D:4)
  A bat zombie (D:4)
  3 endoplasms
  A giant cockroach (D:4)
  12 gnoll zombies (Ossuary)
  6 goblins
  13 hobgoblins
  7 jackals
  4 quokkas
  10 ball pythons
  14 bats
  A frilled lizard (D:1)
  2 goblin simulacra (Ossuary)
  6 goblin zombies (Ossuary)
  3 hobgoblin zombies (Ossuary)
  12 kobolds
  3 kobold simulacra (Ossuary)
  5 kobold zombies (Ossuary)
  4 orc zombies (Ossuary)
  9 rats
  2 rat simulacra (Ossuary)
  3 spectral goblins (Ossuary)
  4 spectral kobolds (Ossuary)
  8 spectral rats (Ossuary)
344 creatures vanquished.

Vanquished Creatures (collateral kills)
  An elephant (Lair:3)
  4 black mambas (Lair:2)
  2 komodo dragons (Lair:2)
  2 trolls
  A dream sheep (Lair:3)
  4 yaks (Lair:2)
  A basilisk (Lair:1)
  6 water moccasins
  5 wolves
  4 centaurs
  3 bullfrogs
  A scorpion (Lair:1)
  A gnoll sergeant (D:6)
  3 orc priests (D:8)
  A hound (D:7)
  5 gnolls
  A white imp (D:8)
  A fire bat (D:4)
  5 orcs
  3 hobgoblins (D:7)
  A jackal (D:3)
  A bat simulacrum (D:4)
  2 kobolds
58 creatures vanquished.

Vanquished Creatures (others)
  An elephant (Lair:3)
  A black mamba (Lair:2)
  A komodo dragon (Lair:2)
  A dream sheep (Lair:3)
  2 black mamba zombies (Lair:2)
  A water moccasin (Lair:2)
  9 wolves
  A wyvern zombie (Lair:2)
  4 yak zombies
  4 wolf zombies
  A centaur zombie (Lair:2)
  4 bullfrog zombies
  A black bear zombie (D:7)
  An ogre zombie (D:6)
  3 gnoll zombies (D:6)
  2 hobgoblin zombies (D:7)
  An orc zombie (D:12)
  56 fungi
  146 plants
240 creatures vanquished.

Grand Total: 642 creatures vanquished

Notes
Turn   | Place    | Note
-------+----------+-------------------------------------------
     0 | D:1      | PyroL the Demonspawn Necromancer began the quest for the
                  | Orb.
     0 | D:1      | Reached XP level 1. HP: 13/13 MP: 3/3
   151 | D:1      | Gained mutation: You regenerate magic rapidly. [demonic
                  | ancestry]
   151 | D:1      | Reached XP level 2. HP: 19/19 MP: 5/5
   401 | D:1      | Reached skill level 5 in Necromancy
   401 | D:1      | Gained mutation: A weak demonic guardian rushes to your
                  | aid. [demonic ancestry]
   401 | D:1      | Reached XP level 3. HP: 24/24 MP: 7/7
   847 | D:2      | Learned a level 3 spell: Vampiric Draining
  1035 | D:2      | Found a faded altar of an unknown god.
  1171 | D:2      | Reached XP level 4. HP: 29/30 MP: 8/8
  1591 | D:3      | Found a runed translucent door.
  1592 | D:3      | Noticed Crazy Yiuf
  1609 | D:3      | Killed Crazy Yiuf
  1938 | D:4      | Reached XP level 5. HP: 35/35 MP: 8/10
  1978 | D:4      | Noticed an ogre
  2138 | D:4      | Reached skill level 6 in Necromancy
  2214 | D:4      | Gained mutation: When seriously injured, your blood forms
                  | armour. (AC +12) [demonic ancestry]
  2214 | D:4      | Reached XP level 6. HP: 39/41 MP: 12/12
  2759 | D:4      | Learned a level 4 spell: Animate Dead
  2880 | D:4      | Reached skill level 7 in Necromancy
  2885 | D:4      | You fall into a shaft and drop 2 floors!
  2909 | D:6      | Identified the +2 pair of boots "Saikoqil" {Contam Int+7}
  2938 | D:6      | Reached skill level 5 in Spellcasting
  2972 | D:6      | Reached XP level 7. HP: 40/42 MP: 11/14
  3051 | D:6      | Reached skill level 8 in Necromancy
  3532 | D:6      | Gained mutation: You have a pair of small antennae on your
                  | head. [demonic ancestry]
  3532 | D:6      | Reached XP level 8. HP: 43/52 MP: 14/17
  3570 | D:6      | Identified the +7 long sword of Yxomos {vorpal, rF++}
  3907 | D:6      | Reached skill level 9 in Necromancy
  3928 | D:6      | Found the +7 staff of the Meek {protect, meekguard}
  3985 | D:5      | Entered Level 5 of the Dungeon
  4251 | D:5      | Found a staircase to the Ecumenical Temple.
  4269 | Temple   | Entered the Ecumenical Temple
  4815 | D:4      | Reached skill level 10 in Necromancy
  4838 | D:4      | Found a sacrificial altar of Ru.
  5195 | D:2      | Found a faded altar of an unknown god.
  5625 | D:7      | Reached skill level 1 in Fighting
  5654 | D:7      | Found a sand-covered staircase.
  5663 | Ossuary  | Entered an ossuary
  5962 | Ossuary  | Reached XP level 9. HP: 60/60 MP: 20/20
  6489 | D:7      | Found an ancient bone altar of Kikubaaqudgha.
  6503 | D:7      | Found a bloodstained altar of Trog.
  6514 | D:7      | Became a worshipper of Kikubaaqudgha
  6661 | D:7      | Found a snail-covered altar of Cheibriados.
  6730 | D:7      | Found a shimmering altar of Xom.
  6784 | D:7      | Noticed Prince Ribbit
  6805 | D:7      | Killed Prince Ribbit
  7153 | D:7      | Reached * piety under Kikubaaqudgha
  7153 | D:7      | Received a gift from Kikubaaqudgha
  7157 | D:7      | Learned a level 1 spell: Kiss of Death
  7215 | D:7      | Reached skill level 5 in Fighting
  7315 | D:7      | Reached skill level 11 in Necromancy
  7407 | D:8      | Found Sokhlefi's Weapon Boutique.
  7499 | D:8      | Found a staircase to the Lair.
  7522 | D:8      | Reached XP level 10. HP: 48/79 MP: 21/21
  7562 | D:8      | Reached ** piety under Kikubaaqudgha
  7581 | D:8      | Got The Occult, Part One
  8110 | D:9      | Noticed Maurice
  8165 | D:9      | Killed Maurice
  8254 | D:9      | Reached skill level 12 in Necromancy
  8948 | D:10     | Entered Level 10 of the Dungeon
  9132 | D:10     | Found a blossoming altar of Fedhas.
  9354 | D:10     | Found Doeleb's Book Shop.
  9524 | D:11     | Noticed a two-headed ogre
  9553 | D:11     | Killed a two-headed ogre
  9689 | D:11     | Reached skill level 10 in Fighting
  9689 | D:11     | Noticed a two-headed ogre
  9721 | D:11     | Killed a two-headed ogre
  9721 | D:11     | Reached *** piety under Kikubaaqudgha
  9721 | D:11     | Received a gift from Kikubaaqudgha
  9722 | D:11     | Gained mutation: When seriously injured, your blood forms
                  | thick armour. (AC +12) [demonic ancestry]
  9722 | D:11     | Reached XP level 11. HP: 55/87 MP: 20/22
  9755 | D:11     | Learned a level 4 spell: Anguish
  9760 | D:11     | Learned a level 4 spell: Dispel Undead
  9766 | D:11     | Learned a level 5 spell: Borgnjor's Vile Clutch
 10005 | D:11     | Reached skill level 1 in Ice Magic
 10391 | D:12     | Found a staircase to the Orcish Mines.
 10689 | D:12     | Noticed a white ugly thing
 10784 | Lair:1   | Entered Level 1 of the Lair of Beasts
 10987 | Lair:1   | Found a transporter.
 11109 | Lair:1   | Reached skill level 5 in Dodging
 11212 | Lair:1   | Found a transporter.
 11234 | Lair:1   | Noticed a swamp dragon
 11234 | Lair:1   | Noticed a swamp dragon
 11768 | Lair:2   | Reached **** piety under Kikubaaqudgha
 11877 | Lair:2   | Found a staircase to the Snake Pit.
 11965 | Lair:2   | Reached skill level 5 in Ice Magic
 12060 | Lair:2   | Gained mutation: When seriously injured, your blood forms
                  | very thick armour. (AC +12) [demonic ancestry]
 12060 | Lair:2   | Reached XP level 12. HP: 91/97 MP: 21/23
 12233 | Lair:2   | Found a staircase to the Shoals.
 12444 | Lair:2   | Reached ***** piety under Kikubaaqudgha
 13310 | Lair:3   | Reached skill level 10 in Dodging
 14175 | Lair:4   | Found a frozen archway.
 14232 | IceCv    | Entered an ice cave
 14398 | IceCv    | Mangled by a death yak simulacrum

Illustrated notes

Levels and vault maps discovered:
D:1:      nzn_arrival_crosshair, layout_loops_ring
D:2:      layout_basic, ebering_ecumenical_altar_sacrificial
D:3:      layout_basic, uniq_crazy_yiuf_cottage
D:4:      layout_loops_corners, nicolae_ru_path_of_blood, serial_bayou_lagoon_a,
          goddamned_bats
D:5:      layout_basic, minmay_temple_entry_slanted
D:6:      layout_layer_cave, nicolae_overflow_crystal_walls,
          minmay_fountain_box, pf_guarded_unrand_meek
D:7:      kennysheep_housing_project, layout_loops_ring,
          trog_three_pillars_becter, mainiacjoe_overflow_cross_hatched,
          amcnicky_altar_gilded, kiku_gazebo_pond_becter, enter_ossuary_1,
          serial_co_window_serial, co_window_cross_1, co_window_corner_a,
          co_window_of_opportunity_a, co_window_paths_a, co_window_paths_a,
          co_window_corner_b, co_window_of_opportunity_b,
          co_window_of_opportunity_c, co_window_of_opportunity_b,
          co_window_2corner, co_window_of_opportunity_b,
          co_window_of_opportunity_b, glass_columns_a, glass_columns_a,
          glass_columns_a, nicolae_lava_and_water, minmay_misc_feat_roman,
          serial_bayou_pond_e, grunt_decor_one_mirror,
          kennysheep_generic_room_14, uniq_prince_ribbit1
D:8:      layout_rooms, due_lair_maze_entry_diamond, serial_shops,
          nicolae_stop_n_shop_2, nicolae_figureground_sparkle
D:9:      layout_basic, amethyst_killhole, uniq_maurice
D:10:     layout_rooms, fedhas_ov_isle_minmay, serial_shops, shop
D:11:     layout_roguey
D:12:     layout_loops_corners, orc_0_dummy, special_room [special_room_bee],
          gauntlet_entry_generic
Temple:   nicolae_temple_no_exploring_needed
Lair:1:   gammafunk_cloud_chamber, layout_cave_pods, serial_bayou_shore_a
Lair:2:   layout_chaotic_city, minmay_shoals_entry_centaurs,
          minmay_snake_entry_six_corridors, beast_lair_carwin_2,
          grunt_megastairs_3
Lair:3:   layout_cave_pods
Lair:4:   layout_regular_city, basic_altar, portal_ice_cave_entry_pillars_2,
          infiniplex_staircase_pool_2, uniq_nessos, uniq_urug
IceCv:    ice_cave_small_necro

Skill      XL: |  1  2  3  4  5  6  7  8  9 10 11 12 |
---------------+-------------------------------------+-----
Necromancy     | 5 6 7 8 10 11 12 | 12.9
Spellcasting   | 3 4 5 6 7 8 |  8.3
Fighting       | 1 7 10 | 10.2
Dodging        | 7 10 | 10.4
Ice Magic      | 5 6 |  6.0
Stealth        | |  1.7

Action                   |  1- 3 |  4- 6 |  7- 9 | 10-12 || total
-------------------------+-------+-------+-------+-------++-------
Melee: Unarmed           |     2 |       |       |       ||     2
       Whip              |    13 |    90 |   153 |   390 ||   646
       Punch             |       |     2 |     5 |     7 ||    14
       Long sword        |       |       |   173 |   111 ||   284
       Quarterstaff      |       |       |    58 |    13 ||    71
 Fire: Sling             |    82 |       |       |       ||    82
 Cast: Necrotise         |    28 |    59 |    85 |   126 ||   298
       Animate Dead      |       |       |     5 |     6 ||    11
       Vampiric Draining |       |       |     2 |    10 ||    12
       Kiss of Death     |       |       |       |     3 ||     3
       Dispel Undead     |       |       |       |    11 ||    11
       Anguish           |       |       |       |    16 ||    16
       Borgnjor's Vile C |       |       |       |     7 ||     7
  Use: Scroll            |       |     5 |     6 |    11 ||    22
       Potion            |       |       |     1 |       ||     1
 Stab: Sleeping          |     1 |     1 |     4 |     3 ||     9
       Distracted        |       |       |       |     4 ||     4
Armor: Robe              |    12 |    52 |   140 |   254 ||   458
       Skin              |       |     1 |       |       ||     1
Dodge: Dodged            |    71 |   178 |   461 |   863 ||  1573

Table legend: (Time is in decaauts)
 A = Elapsed time spent in this place.
 B = Non-inter-level travel time spent in this place.
 C = Inter-level travel time spent in this place.
 D = Time resting spent in this place.
 E = Time spent auto-exploring this place.
 F = Levels seen in this place.
 G = Mean time per level.
                   A        B        C        D        E       F      G
               +--------+--------+--------+--------+--------+-----+--------+
         Total |  14644 |  13998 |    646 |   1156 |   9523 |  19 |  770.7 |
       Dungeon |  10321 |   9827 |    494 |    546 |   7016 |  12 |  860.1 |
        Temple |      1 |      1 |      0 |      0 |      0 |   1 |    1.0 |
          Lair |   3513 |   3361 |    152 |    286 |   2396 |   4 |  878.2 |
       Ossuary |    638 |    638 |      0 |    202 |    101 |   1 |  638.0 |
      Ice Cave |    169 |    169 |      0 |    122 |     10 |   1 |  169.0 |
               +--------+--------+--------+--------+--------+-----+--------+

Top non-repeatable levels by time:
  Lair:3: 1402 daAuts
     D:7: 1357 daAuts
     D:4: 1200 daAuts
     D:6: 1151 daAuts
     D:9: 1022 daAuts
     D:2: 1020 daAuts
  Lair:2: 1009 daAuts
  Lair:1: 969 daAuts
    D:11: 911 daAuts
     D:1: 836 daAuts
     D:5: 740 daAuts
 Ossuary: 638 daAuts
     D:3: 601 daAuts
     D:8: 575 daAuts
    D:10: 573 daAuts
